 Dungeon Crawl Stone Soup version 0.30.0-29-ga12c61a403 (webtiles) character file.

Game seed: 18305617649264405894

205 Graphine the Ducker (level 5, -1/41 HPs)
             Began as a Merfolk Gladiator on June 19, 2023.
             Slain by an orc
             ... wielding a +0 hand axe
              (2 damage)
             ... on level 4 of the Dungeon.
             The game lasted 00:05:19 (2833 turns).

Graphine the Ducker (Merfolk Gladiator)             Turns: 2833, Time: 00:05:20

Health: -1/41      AC:  4    Str: 15    XL:     5   Next: 83%
Magic:  5/5        EV: 10    Int:  7    God:
Gold:   185        SH: 18    Dex: 17    Spells: 4/4 levels left

rFire   . . .        a - +0 long sword
rCold   . . .        h - +1 tower shield
rNeg    . . .        b - +0 leather armour
rPois   .            c - +0 helmet
rElec   .            (no cloak)
rCorr   .            (no gloves)
SInv    .            (no boots)
Will    +....        g - amulet of reflection
Stlth   ++           i - ring of willpower
HPRegen 0.26/turn    p - ring of flight
MPRegen 0.09/turn

%: reflection
@: flying
A: (nimble swimmer 2), mertail
a: no special abilities


You were on level 4 of the Dungeon.
You visited 1 branch of the dungeon, and saw 4 of its levels.

You collected 185 gold pieces.

Inventory:

Hand Weapons
 a - a +0 long sword (weapon)
Missiles
 d - 3 throwing nets
 e - a javelin
 j - 2 poisoned darts (quivered)
Armour
 b - a +0 leather armour (worn)
 c - a +0 helmet (worn)
 h - a +1 tower shield (worn)
Jewellery
 g - an amulet of reflection (around neck)
 i - a ring of willpower (left hand)
 p - a ring of flight (right hand)
 r - a ring of wizardry
Scrolls
 k - a scroll of teleportation
 q - a scroll of fear
Potions
 f - 4 potions of heal wounds {unknown}
 l - a potion of ambrosia {unknown}
 m - a potion of lignification {unknown}
 n - 2 potions of brilliance {unknown}
 o - a potion of curing {unknown}


   Skills:
 + Level 3.1 Fighting
 * Level 5.0 Long Blades
 + Level 2.8 Throwing
 * Level 5.4 Dodging
 + Level 1.7 Stealth
 + Level 1.3 Shields


You had 4 spell levels left.
You didn't know any spells.
Your spell library contained the following spells:

 Spells                   Type           Power      Damage    Failure   Level
 Magic Dart               Conj           0%         1d3       100%        1
 Searing Ray              Conj           0%         2d4       100%        2
 Fulminant Prism          Conj/Hex       0%         3d5       100%        4
 Blade Hands              Tmut           0%         N/A       100%        5
 Irradiate                Conj/Tmut      0%         3d11      100%        5
 Dragon Form              Tmut           0%         N/A       100%        7


Dungeon Overview and Level Annotations

Branches:
Dungeon (4/15)
 Temple: D:4-7

Altars:


Innate Abilities, Weirdness & Mutations

((You are very nimble when in or above water. (Stealth+, EV+, Speed+++)))
Your lower body shifts to a powerful aquatic tail in water.


Message History

You hit the orc but do no damage.
The orc is heavily wounded.
The orc priest calls down the wrath of Beogh upon you.
Beogh smites you! You block the goblin's attack. You block the orc's attack.
The orc hits you with a +0 short sword. The orc hits you with a +0 hand axe.
* * * LOW HITPOINT WARNING * * *
You block the goblin's attack. The orc hits you with a +0 short sword.
* * * LOW HITPOINT WARNING * * *
You slash the orc!
The orc is almost dead.
The goblin hits you but does no damage. The orc hits you with a +0 short sword.
* * * LOW HITPOINT WARNING * * *
You block the orc's attack. The orc closely misses you.
You hit the orc.
You kill the orc!
You block the orc's attack. The goblin misses you. You block the orc's attack.
The orc closely misses you. You block the orc's attack.
The goblin hits you with a +0 dagger.
* * * LOW HITPOINT WARNING * * *
The orc priest calls upon Beogh to heal the orc.
The orc's wounds heal themselves!
You hit the orc priest.
The orc priest is lightly wounded.
You block the orc's attack. The goblin hits you with a +0 dagger.
* * * LOW HITPOINT WARNING * * *
A kobold comes into view. It is wielding a +0 dagger.
The orc priest hits you with a +0 hand axe.
* * * LOW HITPOINT WARNING * * *
You block the orc's attack.
Okay, then.
The kobold shouts!
You hit the orc priest but do no damage.
The orc priest is lightly wounded.
You block the orc priest's attack. The orc hits you with a +0 short sword.
* * * LOW HITPOINT WARNING * * *
You block the orc's attack. The goblin hits you but does no damage.
You block the orc priest's attack. The orc hits you with a +0 short sword.
* * * LOW HITPOINT WARNING * * *
The orc hits you with a +0 hand axe.
You die...

#...##.....## #.
#..# #......## #
#..###.........
#..##.....#...#
#..#......##....
##..#.######
##.# .#.
##)..#.# .#
.....#g.....#
#..o@....#
.K.?..oo.....#
..........!..#
...........>.#
...............
................
................
............#..


You could see an orc priest, 2 orcs, a goblin and a kobold.

Vanquished Creatures
  Blork the orc (D:4)
  A hound (D:4)
  3 adders
  2 worms
  3 dart slugs
  2 orcs
  6 bats
  8 endoplasms
  A giant cockroach (D:1)
  4 goblins
  6 hobgoblins
  6 jackals
  3 quokkas
  4 ball pythons
  6 frilled lizards
  7 kobolds
  9 rats
72 creatures vanquished.

Notes
Turn   | Place    | Note
-------+----------+-------------------------------------------
     0 | D:1      | Graphine the Merfolk Gladiator began the quest for the Orb.
     0 | D:1      | Reached XP level 1. HP: 16/16 MP: 1/1
   239 | D:1      | Reached XP level 2. HP: 22/22 MP: 2/2
   765 | D:1      | Reached XP level 3. HP: 22/28 MP: 3/3
   973 | D:2      | Noticed a floating eye
   977 | D:2      | Found a faded altar of an unknown god.
   982 | D:2      | Noticed an eye of devastation
   982 | D:2      | Noticed a floating eye
   982 | D:2      | Noticed a shining eye
  1430 | D:2      | Reached skill level 1 in Stealth
  1776 | D:2      | Reached XP level 4. HP: 30/34 MP: 4/4
  2298 | D:3      | Reached skill level 5 in Dodging
  2753 | D:4      | Reached skill level 1 in Shields
  2753 | D:4      | Reached XP level 5. HP: 36/40 MP: 5/5
  2817 | D:4      | Noticed Blork the orc
  2824 | D:4      | Killed Blork the orc
  2825 | D:4      | Reached skill level 5 in Long Blades
  2833 | D:4      | HP: 1/41 [orc/+0 short sword (3)]
  2833 | D:4      | Slain by an orc

Illustrated notes

Levels and vault maps discovered:
D:1:      lightli_arrival_maybe_door_vault, layout_loops_ring,
          minmay_misc_feat_roman, minmay_cut_off
D:2:      minmay_chambers_of_twos, layout_basic,
          hellmonk_ecumenical_altar_watching_god, chequers_jeans
D:3:      layout_basic, grunt_ministairs_9
D:4:      layout_rooms, overflow_temple_1_default,
          nicolae_hepliaklqana_hippocampus, st_stairs_12, uniq_blork_the_orc

Skill      XL: |  1  2  3  4  5 |
---------------+----------------+-----
Long Blades    | 4 5 |  5.0
Stealth        | 1 |  1.7
Dodging        | 5 |  5.4
Shields        | 1 |  1.3
Fighting       | 3 |  3.1
Throwing       | |  2.8

Action                     |  1- 3 |  4- 6 || total
---------------------------+-------+-------++-------
  Melee: Long sword        |   109 |    91 ||   200
  Throw: Dart              |    23 |       ||    23
         Throwing net      |     1 |       ||     1
    Use: Scroll            |     3 |     1 ||     4
   Stab: Sleeping          |     2 |     5 ||     7
 Armour: Leather armour    |    26 |    20 ||    46
  Dodge: Dodged            |    79 |    24 ||   103
  Block: Other             |     5 |       ||     5
         Tower shield      |    49 |    98 ||   147
         Reflection        |     1 |     3 ||     4
